 Dungeon Crawl Stone Soup version 0.31.0-32-g396128a36d (webtiles) character file.

Game seed: 15085835862122332074

1510 AdnanSaban the Cudgeller (level 8, -2/50 HPs)
             Began as a Gargoyle Fighter on Apr 18, 2024.
             Was a Believer of Okawaru.
             Killed by divine providence
             ... invoked by Jeremiah
              (13 damage)
             ... on level 6 of the Dungeon.
             The game lasted 00:07:06 (6457 turns).

AdnanSaban the Cudgeller (Gargoyle Fighter)         Turns: 6457, Time: 00:07:07

Health: -2/50      AC: 21    Str: 23    XL:     8   Next: 83%
Magic:  9/9        EV:  6    Int: 11    God:    Okawaru [**....]
Gold:   328        SH:  4    Dex:  9    Spells: 7/7 levels left

rFire   . . .        a - +0 flail
rCold   . . .        c - +0 buckler
rNeg    + . .        v - +0 plate armour
rPois   ∞            y - +2 helmet {Int+3}
rElec   +            (no cloak)
rCorr   .            (no gloves)
SInv    .            (no boots)
Will    .....        (no amulet) Stlth
                     (no ring)
HPRegen 0.28/turn    (no ring)
MPRegen 0.11/turn

%: no passive effects
@: no status effects
A: sickness immunity, AC +5, negative energy resistance 1, electricity
resistance, torment resistance 1, petrification resistance
a: Renounce Religion, Heroism


You were on level 6 of the Dungeon.
You worshipped Okawaru.
Okawaru was pleased with you.
You visited 2 branches of the dungeon, and saw 7 of its levels.

You collected 328 gold pieces.

Inventory:

Hand Weapons
 a - a +0 flail (weapon)
Missiles
 u - 12 poisoned darts (quivered)
 E - a throwing net
Armour
 c - a +0 buckler (worn)
 v - a +0 plate armour (worn)
 y - a +2 helmet of intelligence (worn)
Jewellery
 t - a ring of fire
Wands
 B - a wand of paralysis (10)
Scrolls
 e - a scroll of immolation {unknown}
 f - a scroll of amnesia {unknown}
 h - 2 scrolls of fog {unknown}
 i - a scroll of vulnerability {unknown}
 j - 2 scrolls of revelation {unknown}
 l - 3 scrolls of identify {unknown}
 q - a scroll of noise {unknown}
 s - 6 scrolls of teleportation {unknown}
 w - a scroll of summoning {unknown}
 C - a scroll of acquirement {unknown}
 D - a scroll of silence {unknown}
Potions
 b - a potion of ambrosia {unknown}
 d - 3 potions of might
 g - 3 potions of curing {unknown}
 k - a potion of attraction {unknown}
 m - 2 potions of berserk rage {unknown}
 n - a potion of brilliance {unknown}
 o - 2 potions of degeneration {unknown}
 p - a potion of invisibility {unknown}
 r - a potion of enlightenment {unknown}
 x - a potion of heal wounds {unknown}
 z - a potion of lignification {unknown}
 A - a potion of cancellation {unknown}


   Skills:
 + Level 5.6 Fighting
 + Level 7.3 Maces & Flails
 + Level 1.0 Throwing
 + Level 5.9 Armour
 + Level 1.1 Dodging
 + Level 0.6 Stealth
 + Level 5.1 Shields
 * Level 2.6 Invocations


You had 7 spell levels left.
You didn't know any spells.
Your spell library contained the following spells:

 Spells                   Type           Power      Damage    Failure   Level
 Ensorcelled Hibernation  Hex/Ice        0%         N/A       100%        2
 Passwall                 Erth           0%         N/A       100%        3
 Swiftness                Air            0%         N/A       100%        3


Dungeon Overview and Level Annotations

Branches:
Dungeon (6/15)             Temple (1/1) D:4

Altars:
Ashenzari
Dithmenos
Elyvilon
Fedhas
Gozag
Kikubaaqudgha
Makhleb
Nemelex Xobeh
Okawaru
Qazlal
Ru
Sif Muna
Trog
Uskayaw
Vehumet
Wu Jian
Xom
Zin
The Shining One

Annotations:
D:6 Jeremiah


Innate Abilities, Weirdness & Mutations

You are immune to sickness and miasma.
Your stone body is resilient. (AC +5)
You are immune to poison.
You resist negative energy. (rN+)
You are resistant to electric shocks. (rElec)
You are resistant to unholy torment.
You are immune to petrification.


Message History

The bolt of electricity hits you. You resist.
Your unstable footing causes you to fumble your attack.
The electric eel shoots out a bolt of lightning at you!
The bolt of electricity hits the electric eel.
The electric eel completely resists.
The bolt of electricity hits you. You resist.
Jeremiah hops!
You closely miss the electric eel. You sock the electric eel!
The electric eel is severely wounded.
Jeremiah hops!
The electric eel shoots out a bolt of lightning at you!
The bolt of electricity hits you. You resist.
The electric eel shoots out a bolt of lightning at you!
The bolt of electricity hits you. You resist.
You barely miss the electric eel.
The electric eel is severely wounded.
The electric eel shoots out a bolt of lightning at you!
The bolt of electricity hits you. You resist.
You thump the electric eel!
You kill the electric eel!
Okawaru accepts your kill.
You hear a splash.
The electric eel shoots out a bolt of lightning at you!
The bolt of electricity hits you. You resist.
The bolt of electricity hits the butterfly!
The butterfly dies!
The butterfly disappears in a burst of colours!
The bolt of electricity hits the butterfly!
The butterfly dies!
The butterfly disappears in a burst of colours!
Jeremiah cries, "Fearful master, protect me!"
Something smites you!
Jeremiah cries, "Fearful master, protect me!"
Something smites you!
* * * LOW HITPOINT WARNING * * *
The butterfly disappears in a burst of colours! x2
Jeremiah throws their arms up pleadingly.
Something smites you!
You die...
Jeremiah asks, "What happened?
Did... did you die?"

........##'##≈≈≈≈≈≈≈≈##
........#...#Fbb≈≈≈≈≈≈#
........#...#bbbbb≈≈≈≈#
#########...#≈≈≈≈b≈≈≈≈#
≈≈≈≈≈≈≈≈#####≈≈b≈≈b≈≈≈#
≈≈≈≈~≈≈≈≈≈~~≈≈≈~b~≈≈~≈#
≈~~~~≈≈~~~~~~~~~~†~≈~~#
.~..~~~~.~.~~.~.~S..~~#
................@.....#
......................#
...######....###.######
..## #..### #.# '##
#..# #.# .# #..#####.#
.# #>..Fbb..# .###
##.####### ...## #.#


You could see Jeremiah and an electric eel.

Vanquished Creatures
  Eustachio (D:6)
  2 black bears
  An ogre (D:5)
  2 kobold brigands (D:6)
  A howler monkey (D:5)
  An electric eel (D:6)
  3 bombardier beetles
  5 hounds
  A jelly (D:6)
  An orc priest (D:5)
  3 iguanas
  6 orc wizards
  A sleepcap (D:6)
  Natasha (D:3)
  8 adders
  5 gnolls (D:6)
  An ufetubus (D:5)
  4 dart slugs
  5 ribbon worms
  21 orcs
  9 endoplasms
  3 giant cockroaches
  6 goblins
  9 hobgoblins
  2 jackals (D:5)
  5 quokkas
  8 ball pythons
  4 bats
  3 frilled lizards
  44 kobolds
  7 rats
173 creatures vanquished.

Notes
Turn   | Place    | Note
-------+----------+-------------------------------------------
     0 | D:1      | AdnanSaban the Gargoyle Fighter began the quest for the
                  | Orb.
     0 | D:1      | Reached XP level 1. HP: 14/14 MP: 1/1
   262 | D:1      | Reached XP level 2. HP: 19/19 MP: 2/2
   427 | D:1      | Reached XP level 3. HP: 23/23 MP: 3/3
   573 | D:1      | Found a faded altar of an unknown god.
  1436 | D:2      | Reached XP level 4. HP: 29/29 MP: 4/4
  1500 | D:2      | Reached skill level 3 in Maces & Flails
  2080 | D:3      | Found an opulent altar of Gozag.
  2253 | D:3      | Noticed Natasha
  2261 | D:3      | Killed Natasha
  2262 | D:3      | Reached XP level 5. HP: 32/33 MP: 5/5
  2315 | D:3      | Noticed a black bear
  2323 | D:3      | Killed a black bear
  2324 | D:3      | Reached skill level 4 in Maces & Flails
  2545 | D:3      | Found a shimmering blue altar of Sif Muna.
  2550 | D:3      | Reached XP level 6. HP: 37/38 MP: 6/6
  2557 | D:3      | Found an ancient bone altar of Kikubaaqudgha.
  2571 | D:3      | Found a radiant altar of Vehumet.
  3128 | D:3      | Reached skill level 5 in Maces & Flails
  3326 | D:4      | Found a staircase to the Ecumenical Temple.
  3337 | D:4      | Found an iron altar of Okawaru.
  3358 | Temple   | Entered the Ecumenical Temple
  3391 | D:4      | Became a worshipper of Warmaster Okawaru
  3464 | D:4      | Reached XP level 7. HP: 27/44 MP: 7/7
  3899 | D:5      | Entered Level 5 of the Dungeon
  3924 | D:5      | Reached skill level 5 in Fighting
  4394 | D:5      | Reached skill level 6 in Maces & Flails
  4549 | D:5      | Reached * piety under Okawaru
  4563 | D:5      | Found a sparkling altar of Nemelex Xobeh.
  4609 | D:5      | Found a hide-covered altar of Uskayaw.
  4617 | D:5      | Reached skill level 1 in Throwing
  4617 | D:5      | Reached skill level 5 in Armour
  4778 | D:5      | Reached XP level 8. HP: 45/49 MP: 8/8
  4909 | D:5      | Found an ornate altar of the Wu Jian Council.
  5109 | D:6      | Noticed Jeremiah
  5276 | D:6      | Found a blossoming altar of Fedhas.
  5308 | D:6      | Noticed Eustachio
  5328 | D:6      | Killed Eustachio
  5329 | D:6      | Reached skill level 1 in Dodging
  5329 | D:6      | Reached skill level 1 in Invocations
  5511 | D:6      | Found a burning altar of Makhleb.
  5695 | D:6      | Found a broken altar of Ashenzari.
  5985 | D:6      | Reached skill level 7 in Maces & Flails
  5985 | D:6      | Reached skill level 5 in Shields
  6264 | D:6      | Reached ** piety under Okawaru
  6457 | D:6      | Killed from afar by Jeremiah

Illustrated notes

Levels and vault maps discovered:
D:1:      evilmike_arrival_hilbert_curve, layout_basic,
          shapermc_ecumenical_altar_mp_highgroup, serial_corexii_hall,
          corexii_hall_statues_deadend, corexii_hall_statues_s,
          corexii_hall_statues_s, minmay_surrounded
D:2:      layout_basic, kennysheep_generic_room_7
D:3:      layout_basic, palyth_temple_overflow_mages,
          nicolae_gozag_cash_rules_everything_around_me,
          minmay_misc_feat_enclosed, uniq_natasha
D:4:      layout_rooms, mainiacjoe_overflow_catwalk, minmay_temple_entry_hall
D:5:      layout_rooms, nemelex_dance_club_becter,
          nicolae_wu_jian_glorious_leap, kennysheep_little_box, minmay_between
D:6:      minmay_goblin_kobold_castle, layout_loops_corners, ashenzari_altar_1,
          jmf_multi_god_temple2, mainiacjoe_overflow_concentric_impassable,
          makhleb_heckhound_becter, uniq_jeremiah, uniq_eustachio
Temple:   pf_temple_reverse_labyrinth

Skill      XL: |  1  2  3  4  5  6  7  8 |
---------------+-------------------------+-----
Maces & Flails | 3 4 5 6 7 |  7.3
Shields        | 4 5 |  5.1
Armour         | 4 5 |  5.9
Fighting       | 4 5 |  5.6
Throwing       | 1 |  1.0
Dodging        | 1 |  1.1
Invocations    | 2 |  2.6
Stealth        | |  0.6

Action                     |  1- 3 |  4- 6 |  7- 9 || total
---------------------------+-------+-------+-------++-------
  Melee: Flail             |   124 |   167 |   368 ||   659
  Throw: Dart              |       |     6 |    17 ||    23
 Armour: Scale mail        |    77 |    48 |       ||   125
         Plate armour      |       |   112 |   470 ||   582
  Dodge: Dodged            |    59 |    78 |   146 ||   283
  Block: Buckler           |    30 |    38 |   115 ||   183
